 Dungeon Crawl Stone Soup version 0.29-a0-187-ga23d9638d5 (webtiles) character file.

Game seed: 11784470997238780990

7 Hasart the Insei (level 1, -1/16 HPs)
             Began as a Demigod Transmuter on Feb 21, 2022.
             Slain by a goblin (3 damage)
             ... on level 2 of the Dungeon.
             The game lasted 00:00:16 (298 turns).

Hasart the Insei (Demigod Transmuter)                Turns: 298, Time: 00:00:17

Health: -1/16      AC:  2    Str: 11    XL:     1   Next: 66%
Magic:  5/5        EV: 12    Int: 15    God:
Gold:   26         SH:  0    Dex: 14    Spells: 2/3 levels left

rFire   . . .      SeeInvis .     - Unarmed
rCold   . . .      Faith    .   (no shield)
rNeg    . . .      Spirit   .   a - +0 robe
rPois   .          Reflect  .   (no helmet)
rElec   .          Harm     .   (no cloak)
rCorr   .          Rampage  .   (no gloves)
Will    .....                   (no boots)
Stlth   +.........              (no amulet)
HPRegen 0.05/turn               (no ring)
MPRegen 0.09/turn               (no ring)

@: no status effects
A: high MP 1, forlorn, divine attributes
a: no special abilities


You were on level 2 of the Dungeon.
You visited 1 branch of the dungeon, and saw 2 of its levels.

You collected 26 gold pieces.

Inventory:

Armour
 a - a +0 robe (worn)
Scrolls
 b - a scroll of fear {unknown}
 c - a scroll of identify {unknown}
Potions
 d - a potion of flight {unknown}


   Skills:
 + Level 1.0 Fighting
 + Level 1.9 Dodging
 + Level 2.7 Unarmed Combat
 + Level 1.8 Spellcasting
 * Level 2.0 Transmutations


You had 2 spell levels left.
You knew the following spells:

 Your Spells              Type           Power      Damage    Failure   Level
a - Beastly Appendage     Tmut           14%        N/A       10%         1

Your spell library contained the following spells:

 Spells                   Type           Power      Damage    Failure   Level
 Wereblood                Tmut           7%         N/A       14%         2
 Spider Form              Tmut/Pois      4%         N/A       41%         3
 Ice Form                 Ice/Tmut       4%         N/A       83%         4


Dungeon Overview and Level Annotations

Branches:
Dungeon (1/15)


Innate Abilities, Weirdness & Mutations

You have an increased reservoir of magic. (+10% MP)
You shall have no god before yourself.
Your divine heritage dramatically boosts your attributes as you level up.


Message History

No target in view!
No target in view!
No target in view!
No target in view!
No target in view!
No target in view!
No target in view!
No target in view!
No target in view!
No target in view!
No target in view!
b - a scroll labelled VAQEOS UTACK;
c - a scroll labelled DIRYAPH CEUVVO
Things that are here:
a +0 ring mail; a hobgoblin corpse
There is a stone staircase leading up here.
You now have 12 gold pieces.
You now have 26 gold pieces (gained 14).
d - a fuming golden potion A goblin comes into view.
It is wielding a +0 club.
The goblin shouts!
The goblin closely misses you. The goblin misses you.
An endoplasm comes into view.
The goblin barely misses you.
The endoplasm quivers.
The goblin hits you with a +0 club. The goblin barely misses you.
The goblin closely misses you. The goblin hits you but does no damage.
The goblin hits you with a +0 club. The goblin hits you with a +0 club.
The goblin barely misses you. The endoplasm misses you.
The goblin barely misses you. The endoplasm misses you. The goblin misses you.
The endoplasm closely misses you. The goblin hits you with a +0 club.
The endoplasm freezes you.
You are frozen.
* * * LOW HITPOINT WARNING * * *
The goblin hits you with a +0 club.
You die...

##..............
#.........(....#
#.#...........##
...#.########### #
.## #.# ###. #.#
.....######.########
......J.............
......g@.#..#######.
..######............
#...#####..## #.###
#.# #.# #.# ... ...


You could see an endoplasm and a goblin.

Vanquished Creatures
  A worm (D:2)
  A hobgoblin (D:2)
  A kobold (D:2)
  A rat (D:2)
4 creatures vanquished.

Notes
Turn   | Place    | Note
-------+----------+-------------------------------------------
     0 | D:1      | Hasart the Demigod Transmuter began the quest for the Orb.
     0 | D:1      | Reached XP level 1. HP: 15/15 MP: 5/5
     1 | D:1      | You fall into a shaft and drop 1 floor!
    78 | D:2      | Reached skill level 1 in Fighting
   298 | D:2      | Slain by a goblin

Illustrated notes

Levels and vault maps discovered:
D:1:      lightli_arrival_windingriver, layout_rooms,
          hellmonk_ecumenical_altar_run_dry, serial_shops, shop
D:2:      layout_rooms

Skill      XL: |  1 |
---------------+----+-----
Fighting       | 1 |  1.0
Transmutations | 2 |  2.0
Dodging        | |  1.9
Unarmed Combat | |  2.7
Spellcasting   | |  1.8

Action                   || total
-------------------------++-------
Melee: Unarmed           ||    21
Armor: Robe              ||     2
Dodge: Dodged            ||    17

Table legend: (Time is in decaauts)
 A = Elapsed time spent in this place.
 B = Non-inter-level travel time spent in this place.
 C = Inter-level travel time spent in this place.
 D = Time resting spent in this place.
 E = Time spent auto-exploring this place.
 F = Levels seen in this place.
 G = Mean time per level.
                   A        B        C        D        E       F      G
               +--------+--------+--------+--------+--------+-----+--------+
         Total |    297 |    297 |      0 |      0 |    242 |   2 |  148.5 |
       Dungeon |    297 |    297 |      0 |      0 |    242 |   2 |  148.5 |
               +--------+--------+--------+--------+--------+-----+--------+

Top non-repeatable levels by time:
     D:2: 296 daAuts
     D:1: 1 daAuts
